 Dungeon Crawl Stone Soup version 0.31.0-12-g77e489cdc1 (webtiles) character file.

Game seed: 2691436701661381396

1255 Metae the Trooper (level 8, -1/70 HPs)
             Began as a Minotaur Fighter on Mar 3, 2024.
             Was a Follower of Uskayaw.
             Engulfed by a cloud of freezing vapour (10 damage)
             ... on level 5 of the Dungeon.
             The game lasted 00:10:10 (3921 turns).

Metae the Trooper (Minotaur Fighter)                Turns: 3921, Time: 00:10:11

Health: -1/70      AC: 11    Str: 23    XL:     8   Next: 26%
Magic:  9/9        EV: 11    Int:  5    God:    Uskayaw [*.....]
Gold:   329        SH:  5    Dex: 10    Spells: 7/7 levels left

rFire   . . .        a - +0 trident
rCold   . . .        c - +0 buckler
rNeg    . . .        p - +1 scale mail {rPois}
rPois   +            (helmet restricted)
rElec   .            u - +0 cloak
rCorr   .            (no gloves)
SInv    +            k - +0 pair of boots
Will    .....        (no amulet) Stlth
                     r - ring of see invisible
HPRegen 0.31/turn    (no ring)
MPRegen 0.11/turn

%: no passive effects
@: no status effects
A: horns 2, retaliatory headbutt
a: Renounce Religion, Stomp


You were on level 5 of the Dungeon.
You worshipped Uskayaw.
Uskayaw was noncommittal.
You visited 2 branches of the dungeon, and saw 6 of its levels.

You collected 329 gold pieces.

Inventory:

Hand Weapons
 a - a +0 trident (weapon)
Missiles
 l - 7 poisoned darts (quivered)
Armour
 c - a +0 buckler (worn)
 k - a +0 pair of boots (worn)
 p - a +1 scale mail of poison resistance (worn)
 u - a +0 cloak (worn)
Jewellery
 g - a ring of fire
 r - a ring of see invisible (left hand)
Scrolls
 b - 4 scrolls of amnesia {unknown}
 e - 2 scrolls of blinking {unknown}
 i - 3 scrolls of teleportation {unknown}
 m - 3 scrolls of identify {unknown}
 o - 2 scrolls of enchant weapon {unknown}
 q - a scroll of immolation {unknown}
Potions
 d - 2 potions of might
 f - a potion of brilliance {unknown}
 h - a potion of attraction {unknown}
 j - 2 potions of curing
 n - a potion of mutation {unknown}
 s - a potion of degeneration {unknown}
 t - a potion of cancellation {unknown}


   Skills:
 + Level 6.3 Fighting
 + Level 5.5 Polearms
 + Level 6.2 Armour
 + Level 4.3 Dodging
 + Level 6.1 Shields
 + Level 2.9 Invocations


You had 7 spell levels left.
You didn't know any spells.
Your spell library contained the following spells:

 Spells                   Type           Power      Damage    Failure   Level
 Call Imp                 Summ           0%         N/A       92%         2
 Sublimation of Blood     Necr           0%         N/A       92%         2
 Dazzling Flash           Conj/Hex       0%         N/A       99%         3
 Hailstorm                Conj/Ice       0%         3d5       99%         3
 Mephitic Cloud           Conj/Alch/Air  0%         N/A       99%         3
 Summon Ice Beast         Ice/Summ       0%         N/A       99%         3
 Curse of Agony           Necr           0%         N/A       100%        5
 Silence                  Hex/Air        0%         N/A       100%        5
 Sculpt Simulacrum        Ice/Alch       0%         N/A       100%        6
 Summon Hydra             Summ           0%         N/A       100%        7


Dungeon Overview and Level Annotations

Branches:
Dungeon (5/15)             Temple (1/1) D:4

Altars:
Ashenzari
Cheibriados
Elyvilon
Fedhas
Gozag
Hepliaklqana
Kikubaaqudgha
Makhleb
Qazlal
Sif Muna
Trog
Uskayaw
Vehumet
Wu Jian
Yredelemnul
Zin
The Shining One


Innate Abilities, Weirdness & Mutations

You have a pair of horns on your head.
You reflexively headbutt those who attack you in melee.


Message History

You headbutt the iguana!
The iguana is almost dead.
The iguana bites you but does no damage.
You can now merge with and destroy a victim.
You closely miss the iguana. You headbutt the iguana.
You kill the iguana!
The ice beast is no longer sharing its pain.
The ice beast hits you but does no damage.
You hit the ice beast. Your headbutt misses the ice beast.
The ice beast is severely wounded.
The ice beast closely misses you.
You hit the ice beast.
The ice beast is severely wounded.
The ice beast completely misses you.
You hit the ice beast but do no damage.
The ice beast is severely wounded.
The ice beast closely misses you. You furiously retaliate!
You headbutt the ice beast!
You kill the ice beast!
You start resting.
HP restored.
You start waiting.
Done waiting.
You see here a hound skeleton.
Things that are here:
a +0 hand axe; a +0 leather armour You open the door.
There is an open door here.
You are engulfed in freezing vapours.
You are engulfed in freezing vapours.
You are engulfed in freezing vapours.
* * * LOW HITPOINT WARNING * * *
You start resting.
You are engulfed in freezing vapours.
* * * LOW HITPOINT WARNING * * *
It was a potion of curing.
You feel better.
You are engulfed in freezing vapours.
Okay, then.
You are engulfed in freezing vapours.
You die...

.... #.# #.##.......# #.#
######.....# .....# #.#
##.8.##....# .....#
#.######.....#..#.#
.....#########......#8....'..#.##
....................#∩.8_.'......
##################.##8....'......
$$$.....§○○○○○○○○#.##∩....#)†#.##
################@#..##.8.##....#
☼○○°....§○○○○○○○○#########.#####
########################'#.#
.............#####.....)...#
.##########..# #.........# ......
#..#####.........#
.##...#####....##.####...#.###
... ..+.......................
.##...######.#.##.##.#########


There were no monsters in sight!

Vanquished Creatures
  Edmund (D:4)
  Menkaure (D:4)
  A sky beast (D:4)
  An ice beast (D:5)
  2 ogres (D:5)
  A phantom (D:5)
  A gnoll sergeant (D:5)
  2 scorpions
  A killer bee (D:5)
  The ghost of Enish the Sneak, a weakling KoDe (D:5)
  2 jellies
  3 hounds
  2 orc priests (D:5)
  2 iguanas
  6 adders
  A dart slug (D:4)
  2 ribbon worms
  4 orcs
  6 ball pythons
  8 bats
  4 endoplasms
  3 giant cockroaches
  6 goblins
  8 hobgoblins
  3 jackals (D:4)
  A quokka (D:5)
  2 frilled lizards
  A kobold (D:4)
  5 rats
81 creatures vanquished.

Notes
Turn   | Place    | Note
-------+----------+-------------------------------------------
     0 | D:1      | Metae the Minotaur Fighter began the quest for the Orb.
     0 | D:1      | Reached XP level 1. HP: 19/19 MP: 0/0
   140 | D:1      | Reached XP level 2. HP: 27/27 MP: 1/1
   620 | D:2      | Reached skill level 1 in Dodging
   620 | D:2      | Reached XP level 3. HP: 33/33 MP: 2/2
  1192 | D:2      | Reached XP level 4. HP: 40/40 MP: 3/3
  2145 | D:4      | Noticed a sky beast
  2168 | D:4      | Killed a sky beast
  2169 | D:4      | Reached XP level 5. HP: 11/47 MP: 4/4
  2362 | D:4      | Found a staircase to the Ecumenical Temple.
  2371 | Temple   | Entered the Ecumenical Temple
  2381 | Temple   | Became a worshipper of Uskayaw the Reveller
  2472 | D:4      | Reached * piety under Uskayaw
  2596 | D:4      | Noticed Menkaure
  2596 | D:4      | Noticed Edmund
  2631 | D:4      | Killed Edmund
  2631 | D:4      | Reached ** piety under Uskayaw
  2632 | D:4      | Reached XP level 6. HP: 36/55 MP: 5/5
  2797 | D:4      | Killed Menkaure
  2797 | D:4      | Reached *** piety under Uskayaw
  2798 | D:4      | Reached skill level 5 in Fighting
  2798 | D:4      | Reached skill level 5 in Armour
  2798 | D:4      | Reached skill level 5 in Shields
  2798 | D:4      | Reached skill level 1 in Invocations
  2932 | D:4      | Reached **** piety under Uskayaw
  2933 | D:4      | Reached XP level 7. HP: 43/61 MP: 5/7
  3178 | D:5      | Entered Level 5 of the Dungeon
  3232 | D:5      | Reached skill level 5 in Polearms
  3381 | D:5      | Found a runed translucent gate.
  3389 | D:5      | Found a runed translucent gate.
  3389 | D:5      | Found a runed translucent gate.
  3390 | D:5      | Found an opulent altar of Gozag.
  3392 | D:5      | Noticed Enish's ghost (weakling KoDe)
  3447 | D:5      | Killed Enish's ghost
  3453 | D:5      | Reached XP level 8. HP: 42/70 MP: 8/8
  3613 | D:5      | Reached ***** piety under Uskayaw
  3919 | D:5      | HP: 1/70 [something (19)]
  3921 | D:5      | Engulfed by a cloud of freezing vapour

Illustrated notes

Levels and vault maps discovered:
D:1:      scummos_arrival_gate, layout_basic
D:2:      layout_loops_ring, serial_park_tiny_pond, minmay_split_cup_large
D:3:      layout_loops_ring, minmay_circle_x
D:4:      layout_basic, minmay_temple_entry_poolview, uniq_edmund, uniq_menkaure
D:5:      lemuel_ice_spiral_2, layout_basic, grunt_temple_overflow_cloverleaf,
          serial_shops, shop, shop, shop, nicolae_shop_tiny_glass,
          ebering_ghost_gozag, nicolae_zig_zag_zippers
Temple:   lightli_temple_of_artemis

Skill      XL: |  1  2  3  4  5  6  7  8 |
---------------+-------------------------+-----
Fighting       | 4 5 6 |  6.3
Armour         | 4 5 6 |  6.2
Dodging        | 1 2 3 4 |  4.3
Shields        | 4 5 6 |  6.1
Polearms       | 3 4 5 |  5.5
Invocations    | 1 2 |  2.9

Action                     |  1- 3 |  4- 6 |  7- 9 || total
---------------------------+-------+-------+-------++-------
  Melee: Trident           |    78 |    77 |    69 ||   224
         Headbutt          |     7 |    12 |    16 ||    35
  Throw: Dart              |       |     2 |       ||     2
    Use: Potion            |       |       |     2 ||     2
   Stab: Paralysed         |       |     1 |     4 ||     5
 Armour: Scale mail        |    25 |    58 |    64 ||   147
  Dodge: Dodged            |    24 |    47 |    40 ||   111
  Block: Buckler           |    18 |    16 |    14 ||    48
